[Event "Team 45 45 League T56"]
[Site "Internet Chess Club"]
[Date "2013.02.25"]
[Round "1"]
[White "PopolVuh"]
[Black "Justi"]
[Result "1/2-1/2"]
[WhiteElo "1901"]
[BlackElo "2043"]
[Opening "English opening"]
[ECO "A20"]
[Time "18:00:53"]
[TimeControl "2700+45"]

1. c4 e5 2. g3 Nc6 3. Bg2 f5 4. Nc3 Nf6 5. Nf3 g6 6. d4 e4 7. Ng5 Bg7 8. f3 h6
9. Nh3 exf3 10. exf3 Qe7+ 11. Kf2 O-O 12. Re1 Qf7 13. d5 Ne5 14. Rxe5 Ng4+ 15.
fxg4 fxg4+ 16. Nf4 Bxe5 17. Kg1 d6 18. Be3 Bxf4 19. Bxf4 g5 20. Be3 Bf5 21. Bd4
Rae8 22. Qd2 Qg6 23. Nb5 Bd3 24. Be3 Rf7 25. Nd4 Be4 26. Ne6 Bxg2 27. Qxg2 Rf3
28. Qd2 Re7 29. Re1 Ref7 30. Nd4 R3f6 31. Qc2 Qxc2 32. Nxc2 c5 33. dxc6 bxc6 34.
Nb4 c5 35. Nd5 Re6 36. Rf1 Rb7 37. b3 Kg7 38. Bd2 Rf7 39. Bc3+ Kg6 40. Rxf7 Kxf7
41. Kf2 Kg6 42. a3 Re8 43. b4 Re4 44. Ne3 h5 45. b5 Kf7 46. a4 d5 47. cxd5 Rxa4
48. Ke2 Ra2+ 49. Kd3 Rxh2 50. Nc4 h4 51. gxh4 g3 52. Ne5+ Ke8 53. d6 Ra2 54.
hxg5 g2 55. Nf3 Rf2 56. Ng1 Rf1 57. Ne2 Kd7 58. Be5 g1=Q 59. Nxg1 Rxg1 60. Bf4
Rb1 61. Ke4 Ke6 62. Be3 Kxd6 63. Kf5 Rxb5 64. g6 c4+ 65. Kf6 Rb7 66. g7 Rxg7 67.
Kxg7 a5 68. Kf6 a4 69. Bd2 Kd5 70. Bc3 Ke4 71. Ke6 Kd3 72. Bb4 c3 73. Kd5 c2 74.
Ba3 Kc3 75. Ke4 Kd2 76. Kd4 c1=Q 77. Bxc1+ Kxc1 78. Kc3 a3 79. Kb3 a2 80. Kxa2
{Game drawn because neither player has mating material} 1/2-1/2

[Event "Team 45 45 League T56"]
[Site "Internet Chess Club"]
[Date "2013.02.25"]
[Round "1"]
[White "Warren"]
[Black "Morovon23"]
[Result "1/2-1/2"]
[WhiteElo "2266"]
[BlackElo "2331"]
[Opening "Giuoco Piano"]
[ECO "C54"]
[Time "22:01:09"]
[TimeControl "2700+45"]

1. e4 e5 2. Nf3 Nc6 3. Bc4 Bc5 4. c3 Nf6 5. d3 d6 6. Bb3 O-O 7. O-O a6 8. Nbd2
Be6 9. Bc2 d5 10. Qe2 d4 11. Nb3 Bb6 12. Bg5 h6 13. Bxf6 Qxf6 14. cxd4 exd4 15.
Nbd2 Ne7 16. Bb3 Bd7 17. Nc4 Bg4 18. Nxb6 cxb6 19. Bd1 Rac8 20. Qd2 Rc7 21. e5
Qe6 22. Re1 Nc6 23. Qf4 Rd8 24. Re4 Bxf3 25. Qxf3 Re7 26. Qg3 Kh7 27. f4 f5 28.
Re1 Rc8 29. Qh3 Rec7 30. Bb3 Qg6 31. Rac1 Ne7 32. Rxc7 Rxc7 33. Qf3 b5 34. a3 a5
35. Qf2 Qb6 36. h3 g6 37. g4 a4 38. Ba2 Qc5 39. Re2 Kg7 40. Kh2 {Game drawn by
mutual agreement} 1/2-1/2

[Event "Team 45 45 League T56"]
[Site "Internet Chess Club"]
[Date "2013.02.22"]
[Round "1"]
[White "Colombiano07"]
[Black "perikitosax"]
[Result "1-0"]
[WhiteElo "1811"]
[BlackElo "1932"]
[Opening "Queen's pawn, Mason variation, Steinitz counter-gambit"]
[ECO "D00"]
[Time "10:11:57"]
[TimeControl "2700+45"]

1. d4 d5 2. Bf4 c5 3. e3 Nc6 4. Nc3 e6 5. Nb5 e5 6. dxe5 Be6 7. Nf3 a6 8. Nd6+
Bxd6 9. exd6 Nf6 10. h3 Ne4 11. c4 Qa5+ 12. Nd2 Rd8 13. Be2 dxc4 14. Bf3 Nxd6
15. O-O Nf5 16. Bxc6+ bxc6 17. e4 Nd4 18. Re1 O-O 19. Qc1 Qb4 20. Re3 Rd7 21. a3
Qb5 22. Qc3 Nb3 23. Nxb3 cxb3 24. Rg3 f6 25. e5 Qc4 26. Qxc4 Bxc4 27. Rc1 Bd5
28. Rxc5 Re7 29. Re3 fxe5 30. Bxe5 Rfe8 31. f4 Kf7 32. h4 h5 33. Rg3 g6 34. Rd3
Rb7 35. Kf2 Rb5 36. Rc1 Rb7 37. g3 Rd7 38. Rc4 Red8 39. Rb4 Be6 40. Rxd7+ Rxd7
41. Rb6 Bd5 42. Rxa6 Ke6 43. a4 Kf5 44. a5 Be4 45. Ra8 Rd2+ 46. Ke1 Rg2 47. a6
Kg4 48. a7 Kf3 49. Rb8 Re2+ 50. Kd1 Bc2+ 51. Kc1 Ke3 52. Bc3 Rh2 53. Re8+ Be4
54. Rxe4+ Kxe4 55. a8=Q Rh1+ 56. Kd2 Rh2+ 57. Kd1 {Black resigns} 1-0

[Event "Team 45 45 League T56"]
[Site "Internet Chess Club"]
[Date "2013.02.21"]
[Round "1"]
[White "michaelq2d5"]
[Black "hariputter"]
[Result "0-1"]
[WhiteElo "2147"]
[BlackElo "2129"]
[Opening "King's Indian: Gligoric-Taimanov system"]
[ECO "E92"]
[Time "22:01:39"]
[TimeControl "2700+45"]

1. d4 Nf6 2. c4 g6 3. Nc3 Bg7 4. e4 d6 5. Be2 O-O 6. Nf3 e5 7. Be3 exd4 8. Nxd4
Re8 9. f3 c6 10. Bf2 a6 11. O-O b5 12. a3 Be6 13. Qb3 Nfd7 14. Rad1 Qe7 15. Nxe6
fxe6 16. a4 Nc5 17. Bxc5 bxc4 18. Bxc4 dxc5 19. e5 Bxe5 20. Rfe1 Qc7 21. Bxe6+
Kh8 22. Ne4 Bd4+ 23. Kh1 Nd7 24. Re2 Rab8 25. Qa2 Nf8 26. Bc4 Qf4 27. Bxa6 Re5
28. Ng3 Qxg3 {White resigns} 0-1

[Event "Team 45 45 League T56"]
[Site "Internet Chess Club"]
[Date "2013.02.21"]
[Round "1"]
[White "xwang1"]
[Black "Bubacik"]
[Result "0-1"]
[WhiteElo "2044"]
[BlackElo "2269"]
[Opening "French: Tarrasch, closed variation"]
[ECO "C05"]
[Time "13:00:37"]
[TimeControl "2700+45"]

1. e4 e6 2. d4 d5 3. Nd2 Nf6 4. e5 Nfd7 5. Ngf3 c5 6. c3 Nc6 7. Bd3 f6 8. exf6
Nxf6 9. O-O cxd4 10. cxd4 Bd6 11. Re1 O-O 12. Nf1 Qb6 13. a3 Kh8 14. Bc2 Bd7 15.
b3 Rae8 16. Bb2 Na5 17. Ne5 Nc6 18. h3 Bxe5 19. dxe5 Ne4 20. Bxe4 Qxf2+ 21. Kh1
Qxb2 22. Bc2 Nd4 23. Rb1 Qc3 24. Bd3 Rf2 25. Rc1 Qxb3 26. Bxh7 Qxd1 27. Rcxd1
Nb5 28. Bg6 Ref8 29. Nh2 Nxa3 30. Nf3 Nc2 31. Bxc2 Rxc2 32. Rd4 Rc4 33. Ra1 a6
34. Rb1 Bc6 35. Rb6 Rxf3 {White resigns} 0-1

[Event "Team 45 45 League T56"]
[Site "Internet Chess Club"]
[Date "2013.02.24"]
[Round "1"]
[White "BigH"]
[Black "avila"]
[Result "1/2-1/2"]
[WhiteElo "2174"]
[BlackElo "1983"]
[Opening "King's Indian: fianchetto, classical variation, 8.e4"]
[ECO "E68"]
[Time "11:39:37"]
[TimeControl "2700+45"]

1. Nf3 g6 2. c4 Bg7 3. d4 Nf6 4. g3 O-O 5. Bg2 d6 6. O-O Nbd7 7. Nc3 e5 8. e4
Re8 9. Re1 exd4 10. Nxd4 Ne5 11. b3 a6 12. Rb1 c5 13. Nc2 Rb8 14. a4 Nc6 15. Bf4
Nh5 16. Bd2 Nd4 17. Nd5 b5 18. Nxd4 Bxd4 19. cxb5 axb5 20. Bc3 Bxc3 21. Nxc3
bxa4 22. bxa4 Rxb1 23. Qxb1 Nf6 24. Rd1 Qa5 25. Qb2 Qb4 26. Qxb4 cxb4 27. Nd5
Nxd5 28. Rxd5 Bd7 29. Rxd6 Bxa4 30. Rb6 b3 31. Rb4 Ra8 32. f3 Bd7 {Game drawn by
mutual agreement} 1/2-1/2

[Event "Team 45 45 League T56"]
[Site "Internet Chess Club"]
[Date "2013.02.22"]
[Round "1"]
[White "nurmi"]
[Black "Aragonof"]
[Result "1/2-1/2"]
[WhiteElo "1976"]
[BlackElo "1884"]
[Opening "English: symmetrical, main line with d3"]
[ECO "A38"]
[Time "18:00:51"]
[TimeControl "2700+45"]

1. c4 Nf6 2. Nc3 g6 3. Nf3 Bg7 4. g3 O-O 5. Bg2 c5 6. O-O Nc6 7. d3 d5 8. cxd5
Nxd5 9. Ne4 b6 10. Rb1 Bb7 11. Bd2 Qd7 12. Qb3 e5 13. Bc3 Nd4 14. Bxd4 exd4 15.
Nfd2 f5 16. Ng5 h6 17. Nh3 Kh7 18. Nc4 Rae8 19. Rbe1 f4 20. Nd2 fxg3 21. hxg3
Re7 22. Ne4 Nf6 23. Nxf6+ Bxf6 24. Nf4 Bxg2 25. Kxg2 Bg5 26. e3 Bxf4 27. exf4
Rfe8 28. Qd1 Qd5+ 29. Kg1 Qxa2 30. Rxe7+ Rxe7 31. Re1 Qf7 32. Re5 Qf6 33. Qe2
Rxe5 34. fxe5 Qe6 35. Qe4 h5 36. Kg2 a5 37. f4 Kh6 38. Qa8 Kg7 39. Qb7+ Kh6 40.
Qa8 Kg7 41. Qb7+ Kh6 42. Qa8 {Game drawn by repetition} 1/2-1/2

[Event "Team 45 45 League T56"]
[Site "Internet Chess Club"]
[Date "2013.02.22"]
[Round "1"]
[White "DreadHead"]
[Black "MaartenKoning"]
[Result "1/2-1/2"]
[WhiteElo "2252"]
[BlackElo "2265"]
[Opening "English: symmetrical, main line with d4"]
[ECO "A39"]
[Time "06:00:36"]
[TimeControl "2700+45"]

1. c4 c5 2. Nc3 Nf6 3. g3 Nc6 4. Bg2 g6 5. Nf3 Bg7 6. O-O O-O 7. d4 cxd4 8. Nxd4
d6 9. Nxc6 bxc6 10. Bxc6 Rb8 11. Bg2 Qa5 12. Qd2 Bb7 13. Nd5 Qxd2 14. Nxe7+ Kh8
15. Bxd2 Bxg2 16. Kxg2 Rxb2 17. Bf4 Ne4 18. Rad1 Rxa2 19. Bxd6 Nxd6 20. Rxd6
Rxe2 21. Nc6 Rc2 {Game drawn by mutual agreement} 1/2-1/2

[Event "Team 45 45 League T56"]
[Site "Internet Chess Club"]
[Date "2013.02.23"]
[Round "1"]
[White "Barrett-CCSCSL"]
[Black "AugustoCaruso"]
[Result "0-1"]
[WhiteElo "2095"]
[BlackElo "2209"]
[Opening "French: Labourdonnais variation"]
[ECO "C00"]
[Time "17:09:30"]
[TimeControl "2700+45"]

1. e4 e6 2. f4 d5 3. e5 c5 4. c3 Nc6 5. Na3 Nh6 6. Bd3 c4 7. Bc2 Bc5 8. Nf3 a6
9. Qe2 b5 10. d4 cxd3 11. Bxd3 b4 12. Nc2 Bd7 13. Ne3 O-O 14. O-O f6 15. exf6
Qxf6 16. Kh1 bxc3 17. bxc3 Rab8 18. Ng5 g6 19. Bd2 Rb2 20. Nf3 a5 21. Rfb1 Rfb8
22. Rxb2 Rxb2 23. Nd1 Rb8 24. Nf2 Rb2 25. Nd1 Rb6 26. a4 Rb3 27. Bc2 Rb8 28. Bd3
Rb3 29. Nf2 Bxf2 30. Qxf2 Ng4 31. Qc5 d4 32. Rf1 dxc3 33. Bc4 Rb7 34. Bxc3 Qe7
35. Qxe7 Nxe7 36. Bd2 Nd5 37. Re1 Bxa4 38. h3 Ngf6 39. Rxe6 Bb3 40. Ba6 Rf7 41.
Bxa5 Nxf4 42. Rd6 Ne4 43. Rd8+ Rf8 44. Kh2 Rxd8 45. Bxd8 Bd5 46. Bc7 Ne6 47. Be5
h5 48. Be2 g5 49. g3 Kf7 50. Kg2 g4 51. Ng1 Nc3+ 52. Kf2 Nxe2 53. Kxe2 Kg6 54.
Ke3 Kf5 55. Bd6 Ng5 56. h4 Nf7 57. Bc7 Bc4 58. Kd4 Bf1 59. Ke3 Bb5 60. Ne2 Bxe2
61. Kxe2 Ke4 62. Bb8 Nh6 63. Ba7 Nf5 64. Bf2 Nd6 65. Be1 Nb5 66. Bd2 Nd4+ 67.
Kf2 Kd3 68. Bf4 Nf3 69. Bh6 Nd2 70. Bf4 Ne4+ 71. Kg2 Ke2 72. Be5 Nf2 73. Bc7 Nd1
74. Bb8 Ne3+ 75. Kh2 Kf3 76. Kg1 Nf5 77. Kh2 Kf2 78. Bc7 Ne3 79. Bb6 Kf3 80. Kg1
Nf5 {White resigns} 0-1

[Event "Team 45 45 League T56"]
[Site "Internet Chess Club"]
[Date "2013.02.24"]
[Round "1"]
[White "PandorasBox"]
[Black "zeigmata"]
[Result "0-1"]
[WhiteElo "1910"]
[BlackElo "2210"]
[Opening "King's Indian: fianchetto, classical variation"]
[ECO "E67"]
[Time "17:14:49"]
[TimeControl "2700+45"]

1. c4 Nf6 2. g3 g6 3. Bg2 Bg7 4. Nc3 O-O 5. d4 d6 6. Nf3 Nbd7 7. O-O e5 8. dxe5
dxe5 9. Bg5 c6 10. Ne4 h6 11. Nxf6+ Nxf6 12. Be3 Qe7 13. Qb3 Ng4 14. Bd2 e4 15.
Ne1 f5 16. Nc2 Be6 17. Bb4 c5 18. Bc3 Rab8 19. f3 Ne5 20. Bxe5 Bxe5 21. fxe4 f4
22. gxf4 Bxf4 23. e3 Be5 24. Ne1 Qh4 25. Nf3 Rxf3 26. Rxf3 Bxh2+ 27. Kf1 Bg4 28.
Rf4 g5 29. Rf2 Be5 30. Qd3 Be6 31. Rd1 g4 32. Ke2 Qg3 33. Rh1 Kg7 34. b3 Kg6 35.
Rhf1 h5 36. Bh1 Kg7 37. Kd1 Qh4 38. Kc1 Rd8 39. Qc2 Qg5 40. Qe2 Qh4 41. Bg2 Qg3
42. Rd1 Rxd1+ 43. Kxd1 h4 44. Bh1 h3 45. Rf1 Qh4 46. Kc2 Qg5 47. Qf2 Bf6 48. Qf4
Qe5 49. Qxe5 Bxe5 50. Rg1 Kh6 51. Kd2 Kg5 52. Ke2 g3 53. Rc1 g2 54. Kf2 gxh1=Q
55. Rxh1 Kh4 56. Rg1 h2 57. Rg6 Bh3 {White resigns} 0-1

[Event "Team 45 45 League T56"]
[Site "Internet Chess Club"]
[Date "2013.02.25"]
[Round "1"]
[White "Campagnolo"]
[Black "jonesey"]
[Result "1-0"]
[WhiteElo "2075"]
[BlackElo "1847"]
[Opening "King's Indian: 5.Nf3"]
[ECO "E90"]
[Time "17:30:57"]
[TimeControl "2700+45"]

1. Nf3 g6 2. c4 Bg7 3. Nc3 Nf6 4. e4 d6 5. d4 O-O 6. h3 e5 7. d5 Nbd7 8. Bg5 a5
9. Nd2 h6 10. Be3 Nh5 11. g3 b6 12. Be2 Nhf6 13. g4 Ne8 14. h4 Nc5 15. h5 g5 16.
f3 Nf6 17. O-O Bd7 18. b3 Qe8 19. Qc2 Nxh5 20. gxh5 f5 21. Rf2 Qxh5 22. Rh2 Qg6
23. Bxc5 bxc5 24. exf5 Bxf5 25. Nde4 g4 26. fxg4 Bxg4 27. Bxg4 Qxg4+ 28. Qg2 Qf4
29. Qg3 Qxg3+ 30. Nxg3 e4 31. Ngxe4 Rf3 32. Rc1 Re3 33. Rg2 Kh8 34. Rg3 Bd4 35.
Kg2 Rg8 36. Rxg8+ Kxg8 37. Rc2 Re1 38. Ne2 Be5 39. Nf2 Bg7 40. Nf4 Bh8 41. Re2
Ra1 42. Ne6 Kf7 43. Nxc7 h5 44. Ne8 Be5 45. Nc7 Rc1 46. Ne6 a4 47. Nxc5 axb3 48.
axb3 Rb1 49. Ncd3 Bc3 50. b4 Bxb4 51. Nxb4 Rxb4 52. Rc2 Kf6 53. Rc3 Rb2 54. Kf3
h4 55. Ke3 Kf5 56. Kf3 Ra2 57. Ne4 Ke5 58. c5 dxc5 59. d6 Kd4 60. d7 Ra8 61. Rc1
Rf8+ 62. Kg4 Kxe4 63. Re1+ Kd3 64. Re8 {Black resigns} 1-0

[Event "Team 45 45 League T56"]
[Site "Internet Chess Club"]
[Date "2013.02.23"]
[Round "1"]
[White "chess9793"]
[Black "NFork"]
[Result "0-1"]
[WhiteElo "2081"]
[BlackElo "2276"]
[Opening "Caro-Kann: Tartakower (fantasy) variation"]
[ECO "B12"]
[Time "15:05:23"]
[TimeControl "2700+45"]

1. e4 c6 2. d4 d5 3. f3 Qb6 4. Nc3 dxe4 5. fxe4 e5 6. Nf3 exd4 7. Qxd4 Qxd4 8.
Nxd4 Bd6 9. Be3 Nf6 10. Nf5 Bxf5 11. exf5 Ng4 12. Bd4 O-O 13. h3 Re8+ 14. Kd2
Bf4+ 15. Kd3 c5 16. hxg4 cxd4 17. Nd5 Bd6 18. Be2 Nd7 19. Bf3 Ne5+ 20. Kxd4 Rac8
21. Nc3 Rc4+ 22. Ke3 Rxg4 23. Bxg4 Nxg4+ 24. Kd4 Ne3 25. Kd3 Nxg2 26. Nd5 Re5
27. Nf6+ gxf6 28. Rag1 Re3+ 29. Kd4 Rg3 30. Ke4 Bc5 31. Rd1 Re3+ 32. Kd5 Re5+
33. Kc4 {White resigns} 0-1

[Event "Team 45 45 League T56"]
[Site "Internet Chess Club"]
[Date "2013.02.23"]
[Round "1"]
[White "chiiwen"]
[Black "Rodin7"]
[Result "0-1"]
[WhiteElo "2118"]
[BlackElo "2059"]
[Opening "Neo-Grünfeld, 6.cd Nxd5, 7.O-O"]
[ECO "D74"]
[Time "15:30:46"]
[TimeControl "2700+45"]

1. d4 Nf6 2. Nf3 g6 3. c4 Bg7 4. g3 O-O 5. Bg2 d5 6. cxd5 Nxd5 7. O-O c6 8. e4
Nb6 9. h3 Be6 10. Nc3 Na6 11. b3 Qd7 12. Kh2 Rfd8 13. Ne2 c5 14. Bb2 Rac8 15.
Rc1 Nb4 16. a3 Nc6 17. Rxc5 Nxd4 18. Rxc8 Nxf3+ 19. Bxf3 Qxc8 20. Qa1 Bxb2 21.
Qxb2 Rd3 22. Rc1 Qd8 23. Rc3 Rd2 24. Rc2 Rd3 25. Rc3 Rd2 26. Qc1 h5 27. Re3 Qd7
28. h4 Rd3 29. Qc2 Rxe3 30. fxe3 Qc6 31. Qb2 Qc5 32. Nd4 Bd7 33. Kg2 e5 34. Nc2
Be6 35. Be2 Nd7 36. Bd3 Qd6 37. Qc3 Nc5 38. Bc4 Nxe4 39. Qa5 Bxc4 40. bxc4 Qd2+
41. Qxd2 Nxd2 42. c5 Nb3 43. c6 bxc6 44. Nb4 Na5 45. Kf3 f6 46. Ke4 Kf7 47. Kd3
Ke6 48. e4 Kd6 49. Nc2 Nb3 {White resigns} 0-1

[Event "Team 45 45 League T56"]
[Site "Internet Chess Club"]
[Date "2013.02.26"]
[Round "1"]
[White "CuatroPrincesas"]
[Black "f5"]
[Result "1/2-1/2"]
[WhiteElo "2146"]
[BlackElo "2030"]
[Opening "Sicilian: Pelikan, Chelyabinsk variation"]
[ECO "B33"]
[Time "15:30:17"]
[TimeControl "2700+45"]

1. e4 c5 2. Nf3 Nc6 3. d4 cxd4 4. Nxd4 Nf6 5. Nc3 e5 6. Ndb5 d6 7. Bg5 a6 8. Na3
b5 9. Nd5 Be7 10. Bxf6 Bxf6 11. c3 Bg5 12. Nc2 Rb8 13. a4 bxa4 14. Ncb4 Bd7 15.
Bxa6 Nxb4 16. cxb4 O-O 17. O-O Bc6 18. Bc4 Bxd5 19. Bxd5 Rxb4 20. Rxa4 Rxb2 21.
Ra7 Qf6 22. Rd7 Bd2 23. Qf3 Qxf3 24. gxf3 Bb4 25. Ra1 g6 26. Ra2 {Game drawn by
mutual agreement} 1/2-1/2

[Event "Team 45 45 League T56"]
[Site "Internet Chess Club"]
[Date "2013.02.23"]
[Round "1"]
[White "TerryMalloy"]
[Black "Stryker672"]
[Result "1/2-1/2"]
[WhiteElo "2067"]
[BlackElo "1967"]
[Opening "Kevitz-Trajkovich defense"]
[ECO "A50"]
[Time "18:08:57"]
[TimeControl "2700+45"]

1. d4 Nf6 2. c4 Nc6 3. Nf3 e6 4. a3 Be7 5. Nc3 O-O 6. d5 exd5 7. cxd5 Nb8 8. e4
d6 9. Be2 Bg4 10. O-O Nbd7 11. Bf4 Bxf3 12. Bxf3 Ne5 13. Be2 Nfd7 14. Be3 Bf6
15. f4 Ng6 16. Qb3 Re8 17. Bf3 b6 18. Rac1 Nc5 19. Qc2 Bxc3 20. Qxc3 Nxe4 21.
Qxc7 Qxc7 22. Rxc7 Nf6 23. Kf2 Nh4 24. Rd1 Nxf3 25. Kxf3 Rec8 26. Rdc1 Rxc7 27.
Rxc7 Nxd5 28. Rd7 Nxe3 29. Kxe3 g6 30. Rxd6 Rc8 31. Kd2 Rc7 {Game drawn by
mutual agreement} 1/2-1/2

[Event "Team 45 45 League T56"]
[Site "Internet Chess Club"]
[Date "2013.02.23"]
[Round "1"]
[White "mugurelt"]
[Black "fireball"]
[Result "0-1"]
[WhiteElo "1723"]
[BlackElo "1802"]
[Opening "English: Anglo-Grünfeld defense"]
[ECO "A16"]
[Time "22:30:25"]
[TimeControl "2700+45"]

1. c4 Nf6 2. Nc3 d5 3. cxd5 Nxd5 4. Nxd5 Qxd5 5. Nf3 e5 6. d3 Bb4+ 7. Bd2 Bxd2+
8. Qxd2 O-O 9. g3 b6 10. Bg2 c6 11. O-O Bb7 12. Qc2 Nd7 13. Ng5 Qd6 14. d4 Qg6
15. Qxg6 hxg6 16. dxe5 Nxe5 17. Rac1 Rac8 18. Rfd1 Rc7 19. b3 c5 20. Bxb7 Rxb7
21. Rd5 Re8 22. Rcd1 Rbe7 23. Rd8 f6 24. Nf3 Nxf3+ 25. exf3 Kf7 26. Kf1 Re2 27.
Rxe8 Rxe8 28. f4 Re6 29. f3 Ke7 30. Kf2 Rd6 31. Re1+ Re6 32. Re4 Kd6 33. h4 f5
34. Rc4 b5 35. Rc2 Kc6 36. Rc1 Rd6 37. Ke2 Rd4 38. Ke3 Kd5 39. Rb1 a6 40. g4
fxg4 41. fxg4 Re4+ 42. Kf3 c4 43. Rd1+ Rd4 44. bxc4+ bxc4 45. Rb1 c3 46. Ke3 Kc4
47. Rb7 Rd3+ 48. Ke4 Rd2 49. Rc7+ Kb4 50. Rb7+ Ka4 51. Rxg7 Ka3 52. Rxg6 a5 53.
Rc6 c2 54. Ke3 Rh2 55. Kd3 Kb2 56. Rb6+ Kc1 57. Rc6 Rh3+ 58. Ke4 Rxh4 59. g5 Kb2
60. Rb6+ Kxa2 61. Rc6 Kb2 62. Rb6+ Kc1 63. g6 Rh2 64. f5 Kd1 65. f6 c1=Q {White
resigns} 0-1

[Event "Team 45 45 League T56"]
[Site "Internet Chess Club"]
[Date "2013.02.22"]
[Round "1"]
[White "nidusin2"]
[Black "justice02"]
[Result "1-0"]
[WhiteElo "1658"]
[BlackElo "1697"]
[Opening "Caro-Kann defense"]
[ECO "B11"]
[Time "20:00:38"]
[TimeControl "2700+45"]

1. e4 c6 2. Nc3 b5 3. d4 e6 4. e5 d5 5. f4 a5 6. Nf3 Be7 7. Be3 Nh6 8. Bd3 g6 9.
Qd2 Nf5 10. Bf2 Ba6 11. Ne2 b4 12. g4 Bxd3 13. Qxd3 Ng7 14. h4 h5 15. Ng5 hxg4
16. Rg1 Nd7 17. Kd2 g3 18. Bxg3 Nf5 19. Rh1 Qb6 20. Bf2 Bxg5 21. hxg5 Ke7 22.
Ng3 Rag8 23. Nxf5+ gxf5 24. Rh6 Nf8 25. Rah1 Ng6 26. Be3 a4 27. a3 b3 28. cxb3
axb3 29. Qc3 Kd7 30. Qb4 Qa7 31. Qd6+ Ke8 32. Qxc6+ Kf8 33. Qc5+ Qxc5 34. dxc5
Rxh6 35. gxh6 Ke7 36. Kd3 Kd7 37. Kc3 Rb8 38. h7 Kc6 39. Kd4 Nh8 40. Bd2 Rf8 41.
Rh3 f6 42. Rxb3 fxe5+ 43. fxe5 f4 44. Rf3 Rf7 45. Rxf4 Rxh7 46. Rf6 Re7 47. b4
Nf7 48. a4 Nd8 49. b5+ Kb7 50. Ba5 Nf7 51. c6+ Kc8 52. b6 Kb8 53. Bb4 Nxe5 54.
Rf8+ {Black resigns} 1-0

[Event "Team 45 45 League T56"]
[Site "Internet Chess Club"]
[Date "2013.02.27"]
[Round "1"]
[White "RD1974"]
[Black "monkeyshark"]
[Result "1-0"]
[WhiteElo "1657"]
[BlackElo "1563"]
[Opening "Bishop's opening: Berlin defense"]
[ECO "C24"]
[Time "19:00:28"]
[TimeControl "2700+45"]

1. e4 e5 2. Bc4 Nf6 3. d3 Nc6 4. Nc3 Bc5 5. f4 d6 6. f5 g6 7. g4 gxf5 8. g5 Ng4
9. exf5 Bxf5 10. Nd5 Rg8 11. h4 Ne7 12. Qf3 Qc8 13. Ne2 Bf2+ 14. Kd2 Nxd5 15.
Bxd5 c6 16. Be4 Bxe4 17. Qxe4 Rg7 18. Kc3 d5 19. Qf3 d4+ 20. Kd2 Qe6 21. Ng3
O-O-O 22. Ne4 Be3+ 23. Ke2 Bxc1 24. Rhxc1 Ne3 25. Kd2 h6 26. Rg1 hxg5 27. Rxg5
Rxg5 28. Nxg5 Qg6 29. Qxf7 Qxf7 30. Nxf7 Rf8 31. Nd6+ Kc7 32. Ne4 Rf4 33. Rh1 b6
34. h5 Rf8 35. h6 Rh8 36. h7 Kd7 37. Ng5 Ke7 38. c3 Nd5 39. cxd4 exd4 40. Rh6
Nf6 41. Rg6 c5 42. Rg7+ {Black resigns} 1-0

[Event "Team 45 45 League T56"]
[Site "Internet Chess Club"]
[Date "2013.02.23"]
[Round "1"]
[White "Insan996"]
[Black "kingsrook"]
[Result "1-0"]
[WhiteElo "1627"]
[BlackElo "1304"]
[Opening "QGD Slav: exchange variation, 6.Bf4 Bf5"]
[ECO "D14"]
[Time "19:04:35"]
[TimeControl "2700+45"]

1. d4 Nf6 2. Nf3 d5 3. c4 c6 4. cxd5 cxd5 5. Nc3 Nc6 6. Bf4 Bf5 7. e3 a6 8. Qb3
Ra7 9. Be2 e6 10. O-O Bd6 11. Bg3 Bxg3 12. hxg3 O-O 13. Nh2 Qc7 14. Rac1 Raa8
15. a3 h6 16. Na4 Rab8 17. Nc5 Ne4 18. Rfd1 Rfc8 19. Na4 b6 20. Bxa6 Rd8 21. Bb5
Rd6 22. Nc3 Qb7 23. Nxe4 Bxe4 24. Rc3 Rc8 25. Rdc1 Qa8 26. Ng4 f6 27. f3 Bf5 28.
Nf2 Kh7 29. Qa4 e5 30. Qxa8 Rxa8 31. Rxc6 Rxc6 32. Bxc6 Rc8 33. Rc3 exd4 34.
exd4 g5 35. Bxd5 Rxc3 36. bxc3 Kg7 37. Kf1 Kf8 38. Ke2 Ke7 39. Nd3 Kd6 40. Nb4
h5 41. Be4 Bd7 42. Ke3 f5 43. Bd3 Kc7 44. d5 Kd6 45. Kd4 Bc8 46. Nc6 Bd7 47. Ne5
g4 48. Nxd7 gxf3 49. gxf3 f4 50. gxf4 Kxd7 51. Bf5+ Kd6 52. Bh3 h4 53. f5 Ke7
54. Ke5 b5 55. f6+ Kf7 56. d6 Ke8 57. Ke6 b4 58. axb4 Kd8 59. f7 {Black resigns}
1-0

[Event "Team 45 45 League T56"]
[Site "Internet Chess Club"]
[Date "2013.02.24"]
[Round "1"]
[White "tsia68"]
[Black "Goldenberg"]
[Result "0-1"]
[WhiteElo "1760"]
[BlackElo "1588"]
[Opening "Sicilian defense"]
[ECO "B20"]
[Time "12:05:54"]
[TimeControl "2700+45"]

1. e4 c5 2. d3 g6 3. g3 Nc6 4. Bg2 Bg7 5. f4 e6 6. Nf3 d5 7. O-O Nf6 8. e5 Nd7
9. c3 O-O 10. Re1 f6 11. exf6 Nxf6 12. Na3 Bd7 13. Nc2 Qb6 14. Ng5 Rfe8 15. Nf3
Rf8 16. Rb1 Rae8 17. Be3 Ng4 18. Bd2 e5 19. Nxe5 Ncxe5 20. fxe5 Nf2 21. Bxd5+
Be6 22. Bxe6+ Qxe6 23. Qe2 Qd5 24. Qxf2 Rxf2 25. Kxf2 Qxd3 {White resigns} 0-1

[Event "Team 45 45 League T56"]
[Site "Internet Chess Club"]
[Date "2013.02.24"]
[Round "1"]
[White "anna"]
[Black "latayvia"]
[Result "0-1"]
[WhiteElo "1613"]
[BlackElo "1828"]
[Opening "Caro-Kann: advance variation"]
[ECO "B12"]
[Time "16:21:55"]
[TimeControl "2700+45"]

1. e4 c6 2. d4 d5 3. e5 Bf5 4. Bd3 Bxd3 5. Qxd3 Qa5+ 6. c3 Qa6 7. Qxa6 Nxa6 8.
Nd2 e6 9. Nb3 Ne7 10. Ne2 Nf5 11. f3 f6 12. exf6 gxf6 13. Bd2 Kd7 14. Kf2 Re8
15. Rhe1 Bd6 16. g3 e5 17. dxe5 fxe5 18. f4 Rhf8 19. Kg1 e4 20. Rad1 Nc5 21.
Nxc5+ Bxc5+ 22. Kg2 Rg8 23. Kh1 Kc8 24. Bc1 h5 25. Nd4 Nh6 26. f5 Ng4 27. Rf1 e3
28. Rde1 Bxd4 29. cxd4 Re4 30. h3 e2 31. Rf3 Rxd4 32. Kg2 Ne5 33. Re3 Nd3 {White
resigns} 0-1

[Event "Team 45 45 League T56"]
[Site "Internet Chess Club"]
[Date "2013.02.24"]
[Round "1"]
[White "gandre"]
[Black "Kibamar101"]
[Result "1-0"]
[WhiteElo "1755"]
[BlackElo "1478"]
[Opening "Queen's pawn game"]
[ECO "A46"]
[Time "09:00:45"]
[TimeControl "2700+45"]

1. d4 Nf6 2. Nf3 e6 3. Bf4 b6 4. e3 Bb7 5. Nbd2 Nc6 6. c3 Be7 7. h3 O-O 8. Bd3
Rc8 9. O-O a6 10. Qe2 b5 11. a4 b4 12. Bxa6 Bxa6 13. Qxa6 bxc3 14. bxc3 Nd5 15.
Qd3 Nxf4 16. exf4 Ra8 17. Ne5 Na5 18. Rfb1 c6 19. Ndc4 f6 20. Nxa5 Rxa5 21. Nc4
Ra6 22. a5 Qa8 23. Nb6 Qa7 24. Nxd7 Rd8 25. Nb8 {Black resigns} 1-0

[Event "Team 45 45 League T56"]
[Site "Internet Chess Club"]
[Date "2013.02.23"]
[Round "1"]
[White "iceface"]
[Black "globulon"]
[Result "1-0"]
[WhiteElo "1686"]
[BlackElo "1273"]
[Opening "QGD: Tarrasch, Prague variation, 9.Bg5"]
[ECO "D34"]
[Time "21:00:36"]
[TimeControl "2700+45"]

1. d4 d5 2. c4 e6 3. Nc3 c5 4. cxd5 exd5 5. Nf3 Nf6 6. g3 Nc6 7. Bg2 Be7 8. O-O
O-O 9. Bg5 Bf5 10. a3 Ne4 11. Bxe7 Nxe7 12. Nxe4 Bxe4 13. dxc5 Re8 14. Nd4 Bxg2
15. Kxg2 Rc8 16. b4 Ng6 17. Nf5 Re5 18. Nd6 Rc7 19. e3 Ne7 20. Qd4 Nc6 21. Qf4
Qf6 22. Qxf6 gxf6 23. Rad1 Ne7 24. Nb5 Rc8 25. Nxa7 Ra8 26. Nb5 Nc8 27. Ra1 b6
28. Rfc1 bxc5 29. Rxc5 Nb6 30. Nc3 Nc4 31. Nxd5 Rxa3 32. Rxa3 Nxa3 33. Nxf6+
{Black resigns} 1-0

[Event "Team 45 45 League T56"]
[Site "Internet Chess Club"]
[Date "2013.02.23"]
[Round "1"]
[White "EyeAm"]
[Black "BYOB69"]
[Result "0-1"]
[WhiteElo "1666"]
[BlackElo "1864"]
[Opening "Pirc: Austrian attack, dragon formation"]
[ECO "B09"]
[Time "17:00:41"]
[TimeControl "2700+45"]

1. e4 d6 2. d4 Nf6 3. Nc3 g6 4. f4 Bg7 5. Nf3 c5 6. dxc5 Qa5 7. Bd2 Qxc5 8. Bb5+
Bd7 9. Bxd7+ Nbxd7 10. Rb1 Rc8 11. e5 dxe5 12. fxe5 Nxe5 13. b4 Nxf3+ 14. Qxf3
Qe5+ 15. Kf2 Rxc3 16. Bxc3 Ne4+ 17. Kf1 Nxc3 {White resigns} 0-1